[Event "Team 45 45 League T99"]
[Site "Internet Chess Club"]
[Date "2024.03.14"]
[Round "5"]
[White "dalmata"]
[Black "Portola"]
[Result "1-0"]
[WhiteElo "1578"]
[BlackElo "1581"]
[Opening "QGD: Orthodox defense, Botvinnik variation"]
[ECO "D60"]
[Time "13:00:10"]
[PlyCount "170"]
[TimeControl "2700+45"]

1. d4 d5 2. c4 e6 3. Nc3 Nf6 4. Bg5 Be7 5. e3 Nbd7 6. Nf3 O-O 7. Bd3 c6 8. O-O
dxc4 9. Bxc4 Nd5 10. Bxe7 Qxe7 11. Bxd5 exd5 12. Re1 Nf6 13. Qc2 Bg4 14. Ne5 Be6
15. Ne2 Ne4 16. Nf4 Bf5 17. f3 Nd6 18. Qb3 Rad8 19. Rac1 Bc8 20. Qa4 a6 21. Qc2
Qg5 22. Qf2 f6 23. Ned3 Rde8 24. Qg3 Qxg3 25. hxg3 Re7 26. Nc5 Rfe8 27. Kf2 Nf5
28. e4 dxe4 29. Nxe4 Nxd4 30. Nd6 Rxe1 31. Rxe1 Rxe1 32. Kxe1 Bd7 33. Nxb7 Nf5
34. Nc5 Bc8 35. Kf2 Kf7 36. g4 Nd6 37. Nfd3 a5 38. b3 Nb5 39. b4 axb4 40. Nxb4
Na7 41. Ke3 Ke7 42. Kd4 Kd6 43. a4 f5 44. gxf5 Bxf5 45. Ne4+ Bxe4 46. Kxe4 c5
47. Nd5 Nc6 48. Nb6 Na5 49. Nd5 Nc4 50. Ne3 Na5 51. f4 Ke6 52. Kd3 g6 53. Nc4
Nc6 54. a5 Kf5 55. Ke3 Nb4 56. Kf3 h5 57. Nd6+ Ke6 58. Nc4 Kf5 59. Ne3+ Ke6 60.
g3 Na6 61. Ke4 Nb4 62. Nc4 Na6 63. Ne5 Kf6 64. Kd5 Kf5 65. Nd3 Kg4 66. Nxc5 Nb4+
67. Kc4 Nc6 68. a6 Kxg3 69. Ne6 h4 70. Nd4 Na7 71. f5 h3 72. fxg6 h2 73. g7 h1=Q
74. g8=Q+ Kf2 75. Qf7+ Kg3 76. Qxa7 Qc1+ 77. Kd5 Qg5+ 78. Kc4 Qc1+ 79. Kb5 Qb2+
80. Kc6 Qc1+ 81. Qc5 Qh1+ 82. Kb6 Qb1+ 83. Nb5 Qg6+ 84. Qc6 Qb1 85. a7 Qg1+
{Black resigns} 1-0

[Event "Team 45 45 League T99"]
[Site "Internet Chess Club"]
[Date "2024.03.17"]
[Round "5"]
[White "justice02"]
[Black "fvafier"]
[Result "1/2-1/2"]
[WhiteElo "1539"]
[BlackElo "1443"]
[Opening "Ruy Lopez: modern Steinitz defense, siesta variation"]
[ECO "C74"]
[Time "10:00:41"]
[PlyCount "140"]
[TimeControl "2700+45"]

1. e4 e5 2. Nf3 Nc6 3. Bb5 a6 4. Ba4 d6 5. c3 f5 6. d4 exd4 7. Nxd4 Ne7 8. exf5
Bxf5 9. Qe2 Bd7 10. Ne6 Bxe6 11. Qxe6 Qd7 12. Qxd7+ Kxd7 13. O-O Re8 14. Re1 Ng6
15. Bxc6+ bxc6 16. Rxe8 Kxe8 17. Be3 d5 18. Nd2 Bd6 19. Re1 Kd7 20. b4 Re8 21.
g3 Ne5 22. Re2 Ng4 23. Kg2 Nxe3+ 24. fxe3 c5 25. a3 cxb4 26. axb4 c5 27. bxc5
Bxc5 28. Kf2 Kc6 29. Nb3 Bd6 30. Nd4+ Kc5 31. Ra2 Kb6 32. Ke2 a5 33. Kd3 a4 34.
Rb2+ Ka6 35. Ra2 Ka5 36. Nb3+ Kb5 37. Nd2 Bc5 38. c4+ dxc4+ 39. Nxc4 Rd8+ 40.
Kc3 Bb4+ 41. Kc2 Kxc4 42. Rxa4 Kb5 43. Ra7 Bf8 44. Rf7 Kc4 45. Rf4+ Kc5 46. Kc3
Be7 47. Rc4+ Kd5 48. Kd3 Bf6 49. e4+ Ke5+ 50. Ke3 Rd1 51. h4 h5 52. Rc5+ Ke6 53.
Rxh5 Re1+ 54. Kf3 Rf1+ 55. Ke2 Rg1 56. Kf2 Ra1 57. Rb5 Ra4 58. Kf3 Be5 59. Rb3
Ra8 60. h5 Rf8+ 61. Kg4 Bf6 62. Rb5 Rd8 63. Kf4 Rd1 64. Rb6+ Rd6 65. Rxd6+ Kxd6
66. Kf5 Be5 67. g4 Bc3 68. g5 Ke7 69. e5 Bd2 70. e6 Be3 {Game drawn by mutual
agreement} 1/2-1/2

[Event "Team 45 45 League T99"]
[Site "Internet Chess Club"]
[Date "2024.03.17"]
[Round "5"]
[White "Denis240964"]
[Black "nosir"]
[Result "1-0"]
[WhiteElo "1303"]
[BlackElo "1442"]
[Opening "Pirc: Ufimtsev-Pytel variation"]
[ECO "B07"]
[Time "10:00:24"]
[PlyCount "91"]
[TimeControl "2700+45"]

1. e4 d6 2. d4 Nf6 3. Nc3 c6 4. Nf3 Qa5 5. Be2 Nxe4 6. Bd2 Nxd2 7. Qxd2 Nd7 8.
O-O e5 9. Bc4 Be7 10. Rfe1 d5 11. Bb3 exd4 12. Qe2 O-O 13. Nxd4 Bb4 14. Qe3 Nf6
15. Rad1 Ne4 16. Nde2 Bf5 17. Rf1 Rae8 18. Qf3 Bg6 19. Ng3 Nxc3 20. bxc3 Bxc3
21. Ne2 Bf6 22. Nf4 Be4 23. Qg4 Qc7 24. Nh5 Qe5 25. Ng3 Qe6 26. Qh5 Bg6 27. Qf3
Be4 28. Qh5 g6 29. Qh6 Bg7 30. Qe3 Bf5 31. Qxa7 Qc8 32. Nxf5 gxf5 33. Rd3 Re7
34. Qa3 Rfe8 35. c4 c5 36. cxd5 Bf6 37. Rg3+ Kh8 38. Qc1 Be5 39. Rh3 f6 40. Rd1
Bf4 41. Qb1 Re2 42. Rf3 Bg5 43. Kf1 R8e5 44. Bc4 R5e4 45. Bxe2 Qe8 46. Qc2
{Black resigns} 1-0

[Event "Team 45 45 League T99"]
[Site "Internet Chess Club"]
[Date "2024.03.14"]
[Round "5"]
[White "herrahuu"]
[Black "smsxman"]
[Result "1-0"]
[WhiteElo "1410"]
[BlackElo "1359"]
[Opening "Four knights: Rubinstein counter-gambit, Henneberger variation"]
[ECO "C48"]
[Time "12:00:14"]
[PlyCount "101"]
[TimeControl "2700+45"]

1. e4 e5 2. Nf3 Nc6 3. Nc3 Nf6 4. Bb5 Nd4 5. O-O Bd6 6. d3 a6 7. Bc4 O-O 8. a3
Bc5 9. Nxe5 d6 10. Nf3 b5 11. Ba2 Bg4 12. h3 Bh5 13. g4 Nxg4 14. Nxd4 Nf6 15.
Nf3 d5 16. Nxd5 Rc8 17. Bg5 Qd6 18. e5 Qd7 19. exf6 Qxh3 20. Nf4 Qg4+ 21. Kh2
Qxf3 22. Qxf3 Bxf3 23. Kg3 Bb7 24. Nd5 Bd6+ 25. f4 h6 26. fxg7 Kxg7 27. Bf6+ Kg6
28. Ne7+ Kxf6 29. Nxc8 Bxc8 30. Rh1 Kg7 31. Rh2 Re8 32. Bd5 Re3+ 33. Bf3 Kg6 34.
Rah1 Bf8 35. Kf2 Re7 36. Rg1+ Kf6 37. Rg8 Re8 38. Rxh6+ Ke7 39. Rc6 Kd7 40. d4
Bb7 41. Rc3 c6 42. Bh5 Bc5 43. Rxe8 Bxd4+ 44. Ree3 f6 45. Rd3 c5 46. Kg3 Bd5 47.
Re8 Kc7 48. c3 Bc6 49. cxd4 Bxe8 50. Bxe8 cxd4 51. Rxd4 {Black resigns} 1-0

[Event "Team 45 45 League T99"]
[Site "Internet Chess Club"]
[Date "2024.03.17"]
[Round "5"]
[White "clarinetref"]
[Black "QuieroAprender"]
[Result "1/2-1/2"]
[WhiteElo "1519"]
[BlackElo "1689"]
[Opening "Sicilian defense"]
[ECO "B20"]
[Time "20:06:45"]
[PlyCount "120"]
[TimeControl "2700+45"]

1. e4 c5 2. b3 Nc6 3. Bb2 d6 4. Nc3 e5 5. Bc4 g6 6. Nge2 f5 7. exf5 Bxf5 8. Ng3
Bd7 9. Qf3 Nf6 10. Nge4 Bg7 11. Nxd6+ Ke7 12. Nf7 Nd4 13. Nxd8 Nxf3+ 14. gxf3
Raxd8 15. Nd5+ Nxd5 16. Bxd5 b5 17. O-O-O Rhf8 18. Rde1 Kd6 19. Be4 c4 20. Re2
a5 21. Rd1 Bf5 22. d4 Bh6+ 23. Kb1 Kc7 24. Ree1 Bf4 25. dxe5 Rxd1+ 26. Rxd1 Bxh2
27. Rh1 Bxe4 28. Rxh2 Rxf3 29. Rxh7+ Kd8 30. Bd4 a4 31. bxc4 bxc4 32. Bb6+ Ke8
33. Rc7 c3 34. Bd4 Kd8 35. Rxc3 Rxc3 36. Bxc3 Ke7 37. Kb2 Ke6 38. Ka3 Bc6 39. f4
Kf5 40. Bd2 Ke4 41. Kb4 Kd5 42. a3 Kd4 43. e6 Kd5 44. e7 Kd6 45. f5 gxf5 46. Bg5
f4 47. Bxf4+ Kxe7 48. Kc5 Kd7 49. c4 Bf3 50. Kb5 Be2 51. Kb4 Kc6 52. Be3 Bxc4
53. Kxc4 Kb7 54. Kb5 Ka8 55. Kxa4 Kb7 56. Kb5 Ka8 57. a4 Kb7 58. a5 Ka8 59. a6
Kb8 60. Kb6 Ka8 {Game drawn by mutual agreement} 1/2-1/2

[Event "Team 45 45 League T99"]
[Site "Internet Chess Club"]
[Date "2024.03.14"]
[Round "5"]
[White "kabindra"]
[Black "Electryon"]
[Result "1-0"]
[WhiteElo "1690"]
[BlackElo "1508"]
[Opening "two knights defense: Ulvestad variation"]
[ECO "C57"]
[Time "16:06:23"]
[PlyCount "35"]
[TimeControl "2700+45"]

1. e4 e5 2. Bc4 Nc6 3. Nf3 Nf6 4. Ng5 d5 5. exd5 b5 6. Bxb5 Qxd5 7. Nc3 Qxg2 8.
Qf3 Qxf3 9. Nxf3 Bd6 10. Bxc6+ Ke7 11. Bxa8 Bg4 12. Bc6 Rb8 13. O-O Rb6 14. Nd5+
Nxd5 15. Bxd5 c6 16. h3 Bxh3 17. Bb3 Bxf1 18. Kxf1 {Black resigns} 1-0

[Event "Team 45 45 League T99"]
[Site "Internet Chess Club"]
[Date "2024.03.15"]
[Round "5"]
[White "DaveTheRook"]
[Black "mongmong"]
[Result "1/2-1/2"]
[WhiteElo "1505"]
[BlackElo "1447"]
[Opening "Queen's pawn game"]
[ECO "E10"]
[Time "18:31:15"]
[PlyCount "54"]
[TimeControl "2700+45"]

1. d4 e6 2. c4 Nf6 3. Nf3 c5 4. e3 a6 5. Nc3 d5 6. Bd3 Nc6 7. O-O dxc4 8. Bxc4
b5 9. Bd3 cxd4 10. exd4 Bb7 11. Be3 Nb4 12. Be2 Nbd5 13. Nxd5 Bxd5 14. Ne5 Bd6
15. Bf3 Bxf3 16. Qxf3 Bxe5 17. dxe5 Nd5 18. Bc5 Rc8 19. Rac1 Qg5 20. Qg3 Qxg3
21. hxg3 f6 22. exf6 Nxf6 23. Bb6 Kf7 24. Rfd1 Nd5 25. Ba5 g6 26. Kf1 Ke7 27.
Ke2 Kd7 {Game drawn by mutual agreement} 1/2-1/2

[Event "Team 45 45 League T99"]
[Site "Internet Chess Club"]
[Date "2024.03.16"]
[Round "5"]
[White "Gilguli"]
[Black "garytd"]
[Result "0-1"]
[WhiteElo "1418"]
[BlackElo "1474"]
[Opening "Vienna: Paulsen-Mieses variation"]
[ECO "C26"]
[Time "09:00:11"]
[PlyCount "48"]
[TimeControl "2700+45"]

1. e4 e5 2. Nc3 Nf6 3. g3 Bc5 4. Bg2 O-O 5. h3 Re8 6. d3 Nc6 7. f4 exf4 8. gxf4
d6 9. Nf3 Nd4 10. Ne2 Nxf3+ 11. Bxf3 c6 12. d4 Bb6 13. Be3 Nxe4 14. Qd3 Qh4+ 15.
Kd1 d5 16. Nc3 Nf2+ 17. Bxf2 Qxf2 18. Rf1 Qxd4 19. Kd2 Qxf4+ 20. Kd1 Bf5 21.
Bxd5 Bxd3 22. Rxf4 Bg6 23. Bb3 Rad8+ 24. Kc1 Re1+ {White resigns} 0-1

[Event "Team 45 45 League T99"]
[Site "Internet Chess Club"]
[Date "2024.03.13"]
[Round "5"]
[White "VictorRed"]
[Black "fhunfi"]
[Result "0-1"]
[WhiteElo "1621"]
[BlackElo "1748"]
[Opening "French defense, Steiner variation"]
[ECO "C00"]
[Time "10:02:36"]
[PlyCount "38"]
[TimeControl "2700+45"]

1. e4 e6 2. c4 d5 3. cxd5 exd5 4. e5 c5 5. Nf3 Nc6 6. Bb5 Ne7 7. O-O a6 8. Ba4
b5 9. Bc2 Bg4 10. Re1 Nd4 11. Bd3 Bxf3 12. gxf3 Ng6 13. Kh1 Qh4 14. Nc3 Nf4 15.
Bf1 Qxf2 16. Re3 h5 17. d3 Rh6 18. Re2 Ndxe2 19. Nxe2 Qxf3+ {White resigns} 0-1

[Event "Team 45 45 League T99"]
[Site "Internet Chess Club"]
[Date "2024.03.17"]
[Round "5"]
[White "evan7284"]
[Black "vollmerj"]
[Result "1-0"]
[WhiteElo "1613"]
[BlackElo "1479"]
[Opening "Pirc defense"]
[ECO "B07"]
[Time "14:30:58"]
[PlyCount "63"]
[TimeControl "2700+45"]

1. d4 Nf6 2. Nc3 g6 3. e4 d6 4. Bf4 Bg7 5. Qd2 O-O 6. O-O-O Nc6 7. Bh6 Bxh6 8.
Qxh6 Ng4 9. Qd2 e5 10. dxe5 Ncxe5 11. f3 Nf6 12. h4 Be6 13. Nh3 Nc4 14. Qf2 a5
15. Nf4 Nb6 16. g4 a4 17. Qg3 a3 18. b3 Qe7 19. g5 Nfd7 20. h5 Ne5 21. Bh3 Bxh3
22. Rxh3 c5 23. Ncd5 Nxd5 24. Nxd5 Qd8 25. Nf6+ Kg7 26. hxg6 Rh8 27. Rdh1 Nxg6
28. Rxh7+ Rxh7 29. Rxh7+ Kf8 30. Qh2 b5 31. Qh6+ Ke7 32. Qxg6 {Black resigns}
1-0

[Event "Team 45 45 League T99"]
[Site "Internet Chess Club"]
[Date "2024.03.15"]
[Round "5"]
[White "fireball"]
[Black "BIRDSMAN"]
[Result "1-0"]
[WhiteElo "1491"]
[BlackElo "1454"]
[Opening "Sicilian: Smith-Morra gambit"]
[ECO "B21"]
[Time "15:00:37"]
[PlyCount "125"]
[TimeControl "2700+45"]

1. e4 c5 2. d4 cxd4 3. c3 Nf6 4. e5 Nd5 5. Qxd4 e6 6. Nf3 Nc6 7. Qd1 d6 8. exd6
Bxd6 9. Bg5 Be7 10. Bxe7 Qxe7 11. g3 O-O 12. Bg2 Rd8 13. Qc2 Nf6 14. O-O Bd7 15.
Nbd2 Rac8 16. a3 Be8 17. Rfe1 Qc7 18. Ne4 Nxe4 19. Qxe4 h6 20. h4 Rd7 21. g4 Ne7
22. g5 Nf5 23. Bh3 g6 24. h5 Ng3 25. fxg3 Qxg3+ 26. Bg2 gxh5 27. gxh6 Kh8 28.
Qh4 Qxh4 29. Nxh4 Rd2 30. Rab1 Rc4 31. Nf3 Rc2 32. Nd4 Rd2 33. Bxb7 Kh7 34. Re5
Kxh6 35. Bf3 h4 36. Rh5+ Kg6 37. Rxh4 e5 38. Rg4+ Kf6 39. Ne2 Rc7 40. Kf2 Bb5
41. Ke1 Rd3 42. Rg3 Rdd7 43. Rd1 Rxd1+ 44. Kxd1 Rd7+ 45. Ke1 Ba4 46. Nc1 e4 47.
Be2 Ke5 48. b3 Bc6 49. c4 f5 50. Rg6 Bb7 51. c5 Rc7 52. b4 a6 53. Nb3 Bd5 54.
Na5 f4 55. Nc4+ Kd4 56. Rd6 f3 57. Bf1 Rc6 58. Rd8 e3 59. Nxe3 Kxe3 60. Rxd5 f2+
61. Kd1 Rh6 62. Rd3+ Ke4 63. Ke2 {Black resigns} 1-0

[Event "Team 45 45 League T99"]
[Site "Internet Chess Club"]
[Date "2024.03.14"]
[Round "5"]
[White "Fulmar"]
[Black "seattleblues"]
[Result "0-1"]
[WhiteElo "1378"]
[BlackElo "1360"]
[Opening "Queen's Pawn"]
[ECO "A41"]
[Time "20:31:27"]
[PlyCount "54"]
[TimeControl "2700+45"]

1. d4 d6 2. Nf3 Nf6 3. c4 g6 4. e3 Bg7 5. Bd3 O-O 6. Nc3 Re8 7. e4 e5 8. d5 a5
9. O-O Na6 10. h3 Nc5 11. Be3 Nxd3 12. Qxd3 Nh5 13. Qd2 f5 14. exf5 gxf5 15. Bg5
Qd7 16. Bh6 f4 17. Bxg7 Qxg7 18. Kh2 Kh8 19. Nh4 Rg8 20. Rg1 Bd7 21. Qd3 Raf8
22. Qf3 Qg5 23. g3 fxg3+ 24. Rxg3 Nxg3 25. Ne4 Qxh4 26. Qd3 Qxh3+ 27. Kg1 Qh1#
{White checkmated} 0-1

[Event "Team 45 45 League T99"]
[Site "Internet Chess Club"]
[Date "2024.03.15"]
[Round "5"]
[White "trombone"]
[Black "elmaestro"]
[Result "1-0"]
[WhiteElo "1831"]
[BlackElo "1652"]
[Opening "Sicilian: Najdorf, Göteborg (Argentine) variation"]
[ECO "B98"]
[Time "20:26:06"]
[PlyCount "63"]
[TimeControl "2700+45"]

1. e4 c5 2. Nf3 d6 3. d4 cxd4 4. Nxd4 Nf6 5. Nc3 a6 6. Bg5 e6 7. f4 Be7 8. Qf3
h6 9. Bh4 g5 10. fxg5 Nfd7 11. Qh5 Ne5 12. Bf2 Bxg5 13. h4 Be7 14. O-O-O Qa5 15.
Be2 Bd7 16. Nb3 Qc7 17. Be3 Nbc6 18. Kb1 Rc8 19. Rhf1 b5 20. a3 b4 21. axb4 Nxb4
22. Bd4 Rh7 23. Bxe5 dxe5 24. Rf3 Ba4 25. Rdf1 Bxb3 26. cxb3 Bd6 27. Rf6 Qb7 28.
Rxe6+ Kf8 29. Rxd6 Rxc3 30. Qg6 Qc7 31. Qxh7 Qxd6 32. Qxf7# {Black checkmated}
1-0

[Event "Team 45 45 League T99"]
[Site "Internet Chess Club"]
[Date "2024.03.15"]
[Round "5"]
[White "burlap"]
[Black "Signofthetimes"]
[Result "1-0"]
[WhiteElo "1439"]
[BlackElo "1544"]
[Opening "Benko's opening"]
[ECO "A00"]
[Time "20:00:37"]
[PlyCount "51"]
[TimeControl "2700+45"]

1. g3 c6 2. Bg2 d5 3. Nf3 Nf6 4. O-O Bf5 5. c4 e6 6. cxd5 cxd5 7. Nc3 Nc6 8. Qb3
Qd7 9. d3 a6 10. e4 dxe4 11. dxe4 Nxe4 12. Nxe4 Bxe4 13. Ne5 Nxe5 14. Bxe4 Nc6
15. Rd1 Qc8 16. Be3 g6 17. Rac1 Bg7 18. Bxc6+ bxc6 19. Rd6 O-O 20. Rcxc6 Qb8 21.
Qxb8 Rfxb8 22. b3 a5 23. Ra6 Rxa6 24. Rxa6 Rb5 25. Ra8+ Bf8 26. Bh6 {Black
resigns} 1-0

[Event "Team 45 45 League T99"]
[Site "Internet Chess Club"]
[Date "2024.03.16"]
[Round "5"]
[White "stantheman59"]
[Black "Fulmar"]
[Result "0-1"]
[WhiteElo "1193"]
[BlackElo "1387"]
[Opening "Queen's pawn, Mason variation"]
[ECO "D00"]
[Time "20:01:38"]
[PlyCount "82"]
[TimeControl "2700+45"]

1. d4 d5 2. Bf4 e6 3. e3 a6 4. Nf3 Bd6 5. Bg3 Nf6 6. Nbd2 Bxg3 7. hxg3 Nbd7 8.
Bd3 c5 9. c3 Qe7 10. Ne5 Qd6 11. Ndf3 Ne4 12. Bxe4 dxe4 13. Ng5 Nxe5 14. dxe5
Qxe5 15. Rh5 g6 16. Nxf7 Qxh5 17. Qxh5 gxh5 18. Nxh8 Ke7 19. O-O-O Bd7 20. Rh1
Rxh8 21. Rxh5 Kd6 22. f3 Be8 23. Rh6 exf3 24. gxf3 Bg6 25. e4 Rf8 26. e5+ Kxe5
27. f4+ Kf5 28. Rh4 h5 29. a3 Rd8 30. Kc2 Kf6+ 31. Kb3 b5 32. Rh1 Rd3 33. Rg1
Kf5 34. Kc2 Kg4 35. Kc1 Rxg3 36. Re1 Bf5 37. Re5 c4 38. a4 bxa4 39. Ra5 h4 40.
Rxa4 h3 41. Kd2 h2 {White resigns} 0-1

[Event "Team 45 45 League T99"]
[Site "Internet Chess Club"]
[Date "2024.03.17"]
[Round "5"]
[White "Goli"]
[Black "Packerfan"]
[Result "1/2-1/2"]
[WhiteElo "1777"]
[BlackElo "1697"]
[Opening "Ruy Lopez: Schliemann defense"]
[ECO "C63"]
[Time "15:00:32"]
[PlyCount "63"]
[TimeControl "2700+45"]

1. e4 e5 2. Nf3 Nc6 3. Bb5 f5 4. Bxc6 dxc6 5. exf5 e4 6. Qe2 Qe7 7. Nd4 Qe5 8.
Ne6 Bxe6 9. fxe6 Bd6 10. Nc3 Nf6 11. b3 O-O 12. Bb2 Qxe6 13. O-O-O b5 14. f3
Rfe8 15. Rde1 a5 16. Nxe4 Nxe4 17. Qxe4 Qxe4 18. Rxe4 Rxe4 19. fxe4 Rf8 20. e5
Be7 21. Bd4 Rf4 22. Bb2 Rf2 23. d4 Rxg2 24. a3 Kf7 25. h4 g6 26. Rh3 Ke6 27. c4
Rg4 28. h5 gxh5 29. Rxh5 Bg5+ 30. Kc2 h6 31. Rh3 Rg2+ 32. Kb1 {Game drawn by
mutual agreement} 1/2-1/2

[Event "Team 45 45 League T99"]
[Site "Internet Chess Club"]
[Date "2024.03.17"]
[Round "5"]
[White "Salvatore"]
[Black "fhunfi"]
[Result "0-1"]
[WhiteElo "1531"]
[BlackElo "1755"]
[Opening "French: Schlechter variation"]
[ECO "C01"]
[Time "18:08:56"]
[PlyCount "82"]
[TimeControl "2700+45"]

1. e4 e6 2. d4 d5 3. Bd3 c5 4. exd5 exd5 5. dxc5 Bxc5 6. Nf3 Nf6 7. Bg5 O-O 8.
O-O h6 9. Bh4 Nc6 10. a3 g5 11. Nxg5 hxg5 12. Bxg5 Kg7 13. Nd2 Be7 14. Re1 Qd6
15. Bh4 Rh8 16. Bg3 Qd8 17. c3 Be6 18. Nb3 Bd6 19. Qf3 Qc7 20. Bf5 Bxg3 21. hxg3
Bxf5 22. Qxf5 Rh5 23. Qf3 Rah8 24. Kf1 Qb6 25. c4 Qxb3 26. Qxb3 Nd4 27. f3 Nxb3
28. Rad1 dxc4 29. Kf2 Rd5 30. g4 Rhd8 31. Rxd5 Rxd5 32. Re7 Rd7 33. Re5 Nd5 34.
Re4 Nb6 35. Kg3 Nc5 36. Re5 Nca4 37. Rb5 Nxb2 38. Rxb2 c3 39. Rc2 Nd5 40. Kh3 b5
41. Kg3 a5 {White resigns} 0-1

[Event "Team 45 45 League T99"]
[Site "Internet Chess Club"]
[Date "2024.03.16"]
[Round "5"]
[White "WillC"]
[Black "cayo89"]
[Result "1/2-1/2"]
[WhiteElo "1544"]
[BlackElo "1512"]
[Opening "Queen's pawn game"]
[ECO "A46"]
[Time "11:02:21"]
[PlyCount "154"]
[TimeControl "2700+45"]

1. d4 Nf6 2. Nf3 d6 3. b3 Nbd7 4. Bb2 c6 5. g3 Qc7 6. Nbd2 e5 7. e4 Be7 8. Bg2
O-O 9. O-O Re8 10. Re1 Bf8 11. c4 a6 12. a4 b6 13. Qc2 Bb7 14. Rac1 c5 15. d5 g6
16. Rb1 a5 17. Bc1 Bg7 18. Nf1 h6 19. Nh4 Nf8 20. Bh3 Bc8 21. Bxc8 Qxc8 22. f3
Qh3 23. Qg2 Qxg2+ 24. Kxg2 N8h7 25. Rb2 Re7 26. Rbe2 Rae8 27. Be3 Nh5 28. Nd2
N7f6 29. Nb1 Kh7 30. Nc3 Rd7 31. Bd2 Ng8 32. Rf2 Bf6 33. Kh3 Bxh4 34. Kxh4 Ng7
35. f4 f6 36. fxe5 fxe5 37. Ref1 Ree7 38. Nb5 g5+ 39. Kh3 Kg6 40. g4 Ne8 41. Kg3
Ngf6 42. Nc3 Rf7 43. h4 Nh7 44. Nb5 Rxf2 45. Rxf2 Nef6 46. Nc3 gxh4+ 47. Kxh4
Ng5 48. Bxg5 hxg5+ 49. Kg3 Rh7 50. Re2 Rh4 51. Nb5 Rxg4+ 52. Kh3 Rxe4 53. Rxe4
Nxe4 54. Kg2 Kf5 55. Na7 Nd2 56. Nc8 e4 57. Nxd6+ Kf4 58. Nb5 e3 59. Nc3 Ke5 60.
Kg3 Nxb3 61. Kf3 Nd2+ 62. Kxe3 Nxc4+ 63. Kf3 Nd6 64. Kg4 c4 65. Kxg5 Ne4+ 66.
Nxe4 Kxe4 67. d6 c3 68. d7 c2 69. d8=Q c1=Q+ 70. Kg4 Qg1+ 71. Kh5 Qh2+ 72. Kg4
Qf4+ 73. Kh5 Qf7+ 74. Kg4 Qg6+ 75. Kh3 Qh5+ 76. Kg2 Qf3+ 77. Kg1 Qg4+ {Game
drawn by mutual agreement} 1/2-1/2

[Event "Team 45 45 League T99"]
[Site "Internet Chess Club"]
[Date "2024.03.18"]
[Round "5"]
[White "RD1974"]
[Black "ChessMaine"]
[Result "1-0"]
[WhiteElo "1563"]
[BlackElo "1475"]
[Opening "French: King's Indian attack"]
[ECO "C00"]
[Time "18:00:26"]
[PlyCount "65"]
[TimeControl "2700+45"]

1. e4 e6 2. d3 d5 3. Nd2 dxe4 4. Nxe4 Bd7 5. d4 Bc6 6. Nc3 Nd7 7. Be3 Ngf6 8.
Nf3 Be7 9. Bc4 O-O 10. a3 a6 11. d5 exd5 12. Nxd5 b5 13. Ba2 Nxd5 14. Bxd5 Bxd5
15. Qxd5 Nf6 16. Qb3 c5 17. c4 Rb8 18. O-O Qc7 19. Rfe1 Rfe8 20. Rad1 Bd6 21.
Qd3 Rbd8 22. Qc2 Ng4 23. Rd5 Bxh2+ 24. Kf1 Nxe3+ 25. fxe3 Rxd5 26. cxd5 Be5 27.
Ng5 g6 28. Ne4 Bxb2 29. d6 Qc6 30. Rd1 Bxa3 31. Nf6+ Kf8 32. Nxe8 Qxe8 33. Qc3
{Black forfeits on time} 1-0

[Event "Team 45 45 League T99"]
[Site "Internet Chess Club"]
[Date "2024.03.18"]
[Round "5"]
[White "tightfist"]
[Black "olivermx"]
[Result "0-1"]
[WhiteElo "1484"]
[BlackElo "1466"]
[Opening "Réti: Nimzovich-Larsen attack"]
[ECO "A06"]
[Time "22:20:18"]
[PlyCount "124"]
[TimeControl "2700+45"]

1. Nf3 d5 2. b3 Nf6 3. Bb2 e6 4. e3 a6 5. c4 b5 6. cxb5 axb5 7. Bxb5+ Bd7 8. Nc3
c5 9. Ne5 Qb6 10. Bxd7+ Nbxd7 11. Nxd7 Nxd7 12. O-O Be7 13. Rb1 O-O 14. d4 Rfc8
15. Na4 Qd8 16. Qg4 c4 17. Rfc1 cxb3 18. axb3 Nf6 19. Qd1 Qa5 20. Rxc8+ Rxc8 21.
Rc1 Rxc1 22. Qxc1 Qb4 23. Qc3 Qb5 24. Nc5 h6 25. Qd3 Qb6 26. Qc3 Qb5 27. g3 Qe2
28. Nd3 Ne4 29. Qe1 Qxd3 30. f3 Nd2 31. Kg2 Nxb3 32. Bc3 Qc2+ 33. Kh3 Qc1 34.
Qxc1 Nxc1 35. f4 Nd3 36. Kg4 Bb4 37. Ba1 Nf2+ 38. Kf3 Ne4 39. g4 Be1 40. Ke2 Bc3
41. Bxc3 Nxc3+ 42. Kf3 Ne4 43. h4 g6 44. g5 hxg5 45. hxg5 Kg7 46. Kg4 f5+ 47.
Kf3 Kf7 48. Ke2 Ke7 49. Kd3 Kd6 50. Ke2 Kc6 51. Kd3 Kb5 52. Ke2 Kc4 53. Kf3 Kd3
54. Kg2 Kxe3 55. Kg1 Kxd4 56. Kg2 Kc3 57. Kf3 d4 58. Ke2 d3+ 59. Kd1 Kd4 60. Ke1
Ke3 61. Kd1 d2 62. Kc2 Ke2 {White resigns} 0-1

[Event "Team 45 45 League T99"]
[Site "Internet Chess Club"]
[Date "2024.03.15"]
[Round "5"]
[White "Balderdash"]
[Black "jjmolina1"]
[Result "0-1"]
[WhiteElo "1177"]
[BlackElo "1426"]
[Opening "Four knights: Scotch variation"]
[ECO "C47"]
[Time "10:02:12"]
[PlyCount "92"]
[TimeControl "2700+45"]

1. e4 e5 2. Nf3 Nc6 3. Nc3 Nf6 4. d4 Bb4 5. Bc4 Nxe4 6. Qd3 d5 7. Bb3 Nxc3 8.
bxc3 e4 9. Qe2 Bxc3+ 10. Bd2 Bxa1 11. O-O Nxd4 12. Nxd4 Bxd4 13. c3 Bb6 14. Be3
c6 15. Rd1 Bxe3 16. Qxe3 Qb6 17. Qf4 O-O 18. Rd4 Qc5 19. Qe3 Qe7 20. f3 Bf5 21.
g4 Bg6 22. f4 h6 23. f5 Bh7 24. Rd2 Qg5 25. Qe2 h5 26. Bd1 Qxg4+ 27. Qxg4 hxg4
28. Bxg4 Rfe8 29. Re2 Re5 30. f6 Rg5 31. Rg2 Bf5 32. Bxf5 Rxf5 33. Rxg7+ Kf8 34.
h4 Rxf6 35. Rh7 Kg8 36. Rh5 e3 37. Re5 Re6 38. Rg5+ Rg6 39. Kf1 Rxg5 40. hxg5
Kg7 41. Ke2 Re8 42. a4 Kg6 43. a5 Kxg5 44. a6 b5 45. Ke1 e2 46. c4 bxc4 {White
resigns} 0-1

[Event "Team 45 45 League T99"]
[Site "Internet Chess Club"]
[Date "2024.03.20"]
[Round "5"]
[White "kabubi"]
[Black "oldbookseller"]
[Result "1-0"]
[WhiteElo "1154"]
[BlackElo "905"]
[Opening "King's pawn game"]
[ECO "C50"]
[Time "13:00:14"]
[PlyCount "47"]
[TimeControl "2700+45"]

1. e4 e5 2. Nf3 Nc6 3. Bc4 Qe7 4. Nc3 Nf6 5. O-O g6 6. Re1 Bg7 7. d4 exd4 8.
Nxd4 Ne5 9. Bb3 O-O 10. f4 Neg4 11. e5 Qc5 12. exf6 Bxf6 13. Qxg4 Qxd4+ 14. Kf1
d6 15. Qd1 Qc5 16. Be3 Qf5 17. Qd5 Qg4 18. Rab1 Qh4 19. Ne4 Qxh2 20. Nxf6+ Kh8
21. Qg5 Bh3 22. Re2 Qh1+ 23. Kf2 Qxb1 24. Qh6 {Black resigns} 1-0

[Event "Team 45 45 League T99"]
[Site "Internet Chess Club"]
[Date "2024.03.16"]
[Round "5"]
[White "clarinetref"]
[Black "BlueStorm"]
[Result "1/2-1/2"]
[WhiteElo "1511"]
[BlackElo "1629"]
[Opening "Caro-Kann defense"]
[ECO "B10"]
[Time "09:05:01"]
[PlyCount "108"]
[TimeControl "2700+45"]

1. e4 c6 2. Nf3 d5 3. exd5 cxd5 4. Ne5 Nf6 5. d4 a6 6. Bd3 Nbd7 7. f4 e6 8. O-O
b5 9. c3 Bb7 10. Nd2 Qb6 11. Kh1 g6 12. Ndf3 Ne4 13. Qe2 f5 14. Be3 Ndf6 15.
Bxe4 Nxe4 16. Ng5 Nxg5 17. fxg5 Bg7 18. Bf4 Bxe5 19. Qxe5 Rf8 20. Rfe1 Kf7 21.
Qf6+ Kg8 22. Qxe6+ Qxe6 23. Rxe6 Rae8 24. Rae1 Kf7 25. Rf6+ Kg7 26. Rxe8 Rxe8
27. Be5 Kg8 28. Rb6 Re7 29. h4 Kf7 30. Kh2 Ke8 31. Bf6 Rd7 32. Kg3 Rc7 33. Be5
Rd7 34. Kf4 Kd8 35. Rf6 Kc8 36. g4 fxg4 37. Kxg4 a5 38. a3 Ba8 39. Ra6 Bb7 40.
Rxa5 Bc6 41. a4 bxa4 42. Rc5 Kb7 43. h5 Kb6 44. Bf6 Bb5 45. hxg6 hxg6 46. Kf4
Bc4 47. Rc8 Rh7 48. Rb8+ Ka7 49. Rb4 Bb3 50. c4 dxc4 51. d5 Rd7 52. Bd4+ Ka8 53.
Ke5 c3 54. Bxc3 Rxd5+ {Game drawn by mutual agreement} 1/2-1/2

[Event "Team 45 45 League T99"]
[Site "Internet Chess Club"]
[Date "2024.03.16"]
[Round "5"]
[White "CMAlge"]
[Black "herrahuu"]
[Result "0-1"]
[WhiteElo "1421"]
[BlackElo "1427"]
[Opening "Caro-Kann defense"]
[ECO "B15"]
[Time "12:00:50"]
[PlyCount "52"]
[TimeControl "2700+45"]

1. e4 c6 2. d4 d5 3. Nc3 dxe4 4. Bc4 Nf6 5. f3 Bf5 6. Be3 e6 7. Qd2 Bb4 8. h4
exf3 9. gxf3 O-O 10. Nge2 Nbd7 11. Nf4 Nd5 12. Nfxd5 cxd5 13. Bd3 Bxd3 14. Qxd3
Rc8 15. h5 Qf6 16. Kf2 Bxc3 17. bxc3 Rc4 18. Rag1 h6 19. Rg4 Qf5 20. Qd2 Nf6 21.
Rxg7+ Kxg7 22. Bxh6+ Kh7 23. Bxf8 Ne4+ 24. Ke2 Nxd2 25. Kxd2 Qxf3 26. Rg1 Qf2+
{White resigns} 0-1